 Dungeon Crawl Stone Soup version 0.29-a0-323-g050149af67 (webtiles) character file.

Game seed: 9010061905828776751

96 zishaf the Digger (level 4, -5/29 HPs)
             Began as an Octopode Earth Elementalist on Apr 11, 2022.
             Succumbed to a gnoll's poison
             ... on level 3 of the Dungeon.
             The game lasted 00:02:43 (2232 turns).

zishaf the Digger (Octopode Earth Elementalist)     Turns: 2232, Time: 00:02:44

Health: -5/29      AC:  1    Str:  7    XL:     4   Next: 67%
Magic:  7/7        EV: 13    Int: 19    God:
Gold:   118        SH:  0    Dex: 12    Spells: 1/7 levels left

rFire   . . .      SeeInvis .   d - +0 short sword
rCold   . . .      Faith    .   (no shield)
rNeg    . . .      Spirit   .   (helmet restricted)
rPois   .          Reflect  .   (no amulet)
rElec   .          Harm     .   o - ring of willpower
rCorr   .          Rampage  .   (no ring)
Will    +....                   (no ring)
Stlth   +++.......              (no ring)
HPRegen 0.09/turn               (no ring)
MPRegen 0.10/turn               (no ring)
                                (no ring)
                                (no ring)

@: lethally poisoned (-5 -> -27)
A: almost no armour, amphibious, 8 rings, camouflage 1, gelatinous body 1,
(nimble swimmer 1), tentacles
a: no special abilities


You were on level 3 of the Dungeon.
You visited 1 branch of the dungeon, and saw 3 of its levels.

You collected 118 gold pieces.

Inventory:

Hand Weapons
 d - a +0 short sword (weapon)
 k - a +0 hunting sling
Missiles
 a - 96 stones
Jewellery
 e - a ring of ice
 o - a ring of willpower (left tentacle)
Scrolls
 f - a scroll of enchant armour {unknown}
 g - 2 scrolls of amnesia {unknown}
 p - a scroll of magic mapping {unknown}
 q - a scroll of fog {unknown}
 r - a scroll of blinking {unknown}
Potions
 b - a potion of magic
 c - 3 potions of haste {unknown}
 h - a potion of attraction {unknown}
 i - a potion of mutation {unknown}
 j - a potion of berserk rage {unknown}
 l - a potion of cancellation {unknown}
 m - 2 potions of curing {unknown}
 n - a potion of might {unknown}


   Skills:
 + Level 2.1 Fighting
 - Level 2.0 Dodging
 - Level 3.0 Stealth
 - Level 2.0 Spellcasting
 - Level 1.0 Transmutations
 * Level 4.6 Earth Magic


You had one spell level left.
You knew the following spells:

 Your Spells              Type           Power      Damage    Failure   Level
a - Sandblast             Erth           38%        2d10      2%          1
b - Stone Arrow           Conj/Erth      20%        3d8       21%         3
c - Passwall              Tmut/Erth      10%        N/A       9%          2

Your spell library contained the following spells:

 Spells                   Type           Power      Damage    Failure   Level
 Petrify                  Tmut/Erth      12%        N/A       47%         4


Dungeon Overview and Level Annotations

Branches:
Dungeon (3/15)

Altars:
Trog


Innate Abilities, Weirdness & Mutations

You cannot wear most types of armour.
You are amphibious.
You can wear up to eight rings at the same time.
Your skin changes colour to match your surroundings (Stealth+).
Your rubbery body absorbs attacks. (AC +1, EV +1)
((You are camouflaged when in or above water. (Stealth+)))
You have tentacles for arms and can constrict up to eight enemies at once.


Message History

Casting: Sandblast (safe; 2% risk of failure)
Confirm with . or Enter, or press ? or * to list all spells.
Aiming: Sandblast (safe; 2% risk of failure)
Press: ? - help, Shift-Dir - straight line, f/p - gnoll
Aim: a gnoll, wielding a +0 halberd (lightly wounded, 82% to hit)
The blast of sand hits the gnoll.
The gnoll is heavily wounded.
The gnoll misses you. The gnoll hits you with a +0 halberd.
You hit the gnoll but do no damage. Your grab misses the gnoll.
The gnoll is heavily wounded.
The gnoll misses you.
You hit the gnoll. You grab the gnoll. You squeeze the gnoll.
You kill the gnoll!
Your magical contamination has completely faded away.
You now have 118 gold pieces (gained 11).
Things that are here:
a +0 halberd; a gnoll corpse You start resting.
HP restored.
You start resting.
Magic restored.
The gnoll shouts!
You hit the gnoll. Your grab misses the gnoll.
The gnoll is moderately wounded.
The gnoll hits you with a +2 flail of venom!
You barely miss the gnoll. Your grab misses the gnoll.
The gnoll is moderately wounded.
The gnoll closely misses you.
You hit the gnoll but do no damage. You grab the gnoll.
The gnoll is moderately wounded.
You constrict the gnoll. The gnoll barely misses you.
The gnoll hits you from afar with a +0 halberd!
The gnoll hits you with a +2 flail of venom!
* * * LOW HITPOINT WARNING * * *
You are lethally poisoned!
You hit the gnoll but do no damage.
The gnoll is heavily wounded.
You constrict the gnoll.
You die...

....#.# #.
....... .#
....#. .#
###.... . #.
.......#. # #.
........##.# #.
.....g.g.#.# #.
#@.(.# #. ##.#.#
#. #.#.# #.
#.#.# #. #.#.#
###### #..)#
###...## ##..#
#.......
#..######.#...#.
##.##...#.##....


You could see 2 gnolls.

Vanquished Creatures
  A gnoll (D:3)
  3 adders
  A worm (D:2)
  A dart slug (D:3)
  An orc (D:3)
  6 endoplasms
  A giant cockroach (D:1)
  3 goblins
  5 hobgoblins
  3 jackals (D:1)
  4 ball pythons
  4 bats
  4 frilled lizards
  4 kobolds (D:1)
  13 rats
54 creatures vanquished.

Notes
Turn   | Place    | Note
-------+----------+-------------------------------------------
     0 | D:1      | zishaf the Octopode Earth Elementalist began the quest for
                  | the Orb.
     0 | D:1      | Reached XP level 1. HP: 11/11 MP: 3/3
   132 | D:1      | Reached XP level 2. HP: 18/18 MP: 1/5
   374 | D:1      | Reached skill level 1 in Fighting
   565 | D:1      | Reached XP level 3. HP: 19/23 MP: 6/6
   627 | D:1      | Learned a level 2 spell: Passwall
   631 | D:1      | Learned a level 3 spell: Stone Arrow
  1390 | D:2      | Reached skill level 4 in Earth Magic
  1558 | D:2      | Reached XP level 4. HP: 16/29 MP: 2/7
  1756 | D:2      | Found a bloodstained altar of Trog.
  1994 | D:3      | Found a faded altar of an unknown god.
  2231 | D:3      | HP: 1/29 [gnoll/+2 flail of venom (9)]
  2232 | D:3      | Succumbed to a gnoll's poison

Illustrated notes

Levels and vault maps discovered:
D:1:      amcnicky_arrival_feature_with_door, layout_basic,
          minmay_rat_gold_closets
D:2:      layout_loops_ring, basic_altar
D:3:      layout_basic, ebering_ecumenical_altar_mist, uniq_crazy_yiuf_cottage

Skill      XL: |  1  2  3  4 |
---------------+-------------+-----
Stealth        | 3 |  3.0
Fighting       | 1 2 |  2.1
Earth Magic    | 4 |  4.6
Dodging        | |  2.0
Spellcasting   | |  2.0
Transmutations | |  1.0

Action                   |  1- 3 |  4- 6 || total
-------------------------+-------+-------++-------
Melee: Unarmed           |     4 |       ||     4
       Short sword       |    56 |    16 ||    72
       Constrict         |    13 |     5 ||    18
       Tentacles         |     8 |     3 ||    11
 Cast: Sandblast         |    16 |     6 ||    22
 Stab: Sleeping          |    18 |     4 ||    22
Armor: Skin              |     3 |       ||     3
Dodge: Dodged            |    31 |     8 ||    39

Table legend: (Time is in decaauts)
 A = Elapsed time spent in this place.
 B = Non-inter-level travel time spent in this place.
 C = Inter-level travel time spent in this place.
 D = Time resting spent in this place.
 E = Time spent auto-exploring this place.
 F = Levels seen in this place.
 G = Mean time per level.
                   A        B        C        D        E       F      G
               +--------+--------+--------+--------+--------+-----+--------+
         Total |   2237 |   2184 |     53 |     60 |   1750 |   3 |  745.7 |
       Dungeon |   2237 |   2184 |     53 |     60 |   1750 |   3 |  745.7 |
               +--------+--------+--------+--------+--------+-----+--------+

Top non-repeatable levels by time:
     D:1: 1006 daAuts
     D:2: 948 daAuts
     D:3: 282 daAuts
